 Dungeon Crawl Stone Soup version 0.28-a0-1518-gbe868bca14 (webtiles) character file.

Game seed: 3760620321576009358

9 knot the Chopper (level 2, 21/24 HPs)
             Began as a Demonspawn Berserker on Jan 16, 2022.
             Was a Follower of Trog.
             Quit the game on level 1 of the Dungeon.
             The game lasted 00:00:11 (245 turns).

knot the Chopper (Demonspawn Berserker)              Turns: 245, Time: 00:00:12

Health: 21/24      AC:  2    Str: 17    XL:     2   Next: 3%
Magic:  2/2        EV: 12    Int:  8    God:    Trog [*.....]
Gold:   0          SH:  0    Dex: 12    Spells: 1/1 levels left

rFire   . . .      SeeInvis .   a - +0 hand axe
rCold   . . .      Faith    .   (no shield)
rNeg    . . .      Spirit   .   b - +0 animal skin
rPois   .          Reflect  .   (no helmet)
rElec   .          Harm     .   (no cloak)
rCorr   .          Rampage  .   (no gloves)
Will    .....                   (no boots)
Stlth   +.........              (no amulet)
HPRegen 0.08/turn               (no ring)
MPRegen 0.08/turn               (no ring)

@: no status effects
A: spiny 1
a: Renounce Religion, Berserk


You were on level 1 of the Dungeon.
You worshipped Trog.
Trog was aware of your devotion.
You visited 1 branch of the dungeon, and saw 1 of its levels.

Inventory:

Hand Weapons
 a - a +0 hand axe (weapon)
Missiles
 c - 4 stones (quivered)
Armour
 b - a +0 animal skin (worn)
Scrolls
 d - a scroll of immolation {unknown}


   Skills:
 - Level 3.0 Fighting
 + Level 3.2 Axes
 - Level 1.7 Armour
 - Level 1.7 Dodging


You had one spell level left.
You didn't know any spells.
Your spell library was empty.

Dungeon Overview and Level Annotations

Branches:
Dungeon (1/15)

Altars:


Innate Abilities, Weirdness & Mutations

You are partially covered in sharp spines.


Message History

Your Axes skill increases to level 3!
No target in view!
No target in view!
No target in view!
You see here a bat corpse.
A jackal comes into view. 2 jackals come into view.
The jackal barks! x2
There are monsters nearby!
The jackal barely misses you. The jackal closely misses you.
You hit the jackal.
You kill the jackal!
Trog accepts your kill. The jackal bites you.
You hit the jackal.
The jackal is almost dead.
The jackal bites you. The jackal closely misses you.
You barely miss the jackal.
The jackal is almost dead.
The jackal barely misses you.
You miss the jackal.
The jackal is almost dead.
The jackal closely misses you. The jackal barely misses you.
You hit the jackal.
You kill the jackal!
Trog accepts your kill.
You barely miss the jackal.
The jackal bites you but does no damage.
The jackal misses you.
You hit the jackal.
The jackal is almost dead.
The jackal barely misses you.
The jackal bites you but does no damage.
You hit the jackal.
You kill the jackal!
Trog accepts your kill.
You have reached level 2!
Your demonic ancestry asserts itself...
Sharp spines emerge from parts of your body.
Are you sure you want to abandon this character and quit the game? (Confirm with "yes".)

...#
#......# #.#
...#
#......# #.#
...#
#......# #.#
...# #.#
...# #.#
...# #.#
...# #.#
...#
#.########.#
...#
#...†@.....#
...#
############
####


There were no monsters in sight!

Vanquished Creatures
  A bat (D:1)
  A hobgoblin (D:1)
  3 jackals (D:1)
  A frilled lizard (D:1)
  A goblin (D:1)
  A kobold (D:1)
8 creatures vanquished.

Notes
Turn   | Place    | Note
-------+----------+-------------------------------------------
     0 | D:1      | knot the Demonspawn Berserker began the quest for the Orb.
     0 | D:1      | Reached XP level 1. HP: 18/18 MP: 1/1
   245 | D:1      | Gained mutation: You are partially covered in sharp spines.
                  | [demonic ancestry]
   245 | D:1      | Reached XP level 2. HP: 21/24 MP: 2/2
   245 | D:1      | Quit the game

Illustrated notes

Levels and vault maps discovered:
D:1:      wander_arrival_peaceful_grave, layout_basic

Skill      XL: |  1 |
---------------+----+-----
Axes           | 3 |  3.2
Fighting       | |  3.0
Armour         | |  1.7
Dodging        | |  1.7

Action                   || total
-------------------------++-------
Melee: Hand axe          ||    18
Armor: Animal skin       ||     5
Dodge: Dodged            ||    16

Table legend: (Time is in decaauts)
 A = Elapsed time spent in this place.
 B = Non-inter-level travel time spent in this place.
 C = Inter-level travel time spent in this place.
 D = Time resting spent in this place.
 E = Time spent auto-exploring this place.
 F = Levels seen in this place.
 G = Mean time per level.
                   A        B        C        D        E       F      G
               +--------+--------+--------+--------+--------+-----+--------+
         Total |    247 |    247 |      0 |      0 |    200 |   1 |  247.0 |
       Dungeon |    247 |    247 |      0 |      0 |    200 |   1 |  247.0 |
               +--------+--------+--------+--------+--------+-----+--------+

Top non-repeatable levels by time:
     D:1: 247 daAuts
